 Dungeon Crawl Stone Soup version 0.29.0 (webtiles) character file.

Game seed: 1499621894993271122

183 collaery the Trooper (level 5, -2/42 HPs)
             Began as a Human Berserker on Sept 2, 2022.
             Was a Believer of Trog.
             Splashed by a jelly's acid (11 damage)
             ... on level 3 of the Dungeon.
             The game lasted 00:22:51 (2852 turns).

collaery the Trooper (Human Berserker)              Turns: 2852, Time: 00:22:52

Health: -2/42      AC: -6    Str: 19    XL:     5   Next: 94%
Magic:  5/5        EV: 12    Int:  6    God:    Trog [**....]
Gold:   5          SH:  0    Dex: 16    Spells: 4/4 levels left

rFire   . . .      SeeInvis .   i - +2 dagger (drain)
rCold   . . .      Faith    .   (no shield)
rNeg    + + .      Spirit   .   s - +0 ring mail of Tymetsun {Rampage rN++ Int-2 Dex+4}
rPois   .          Reflect  .   (no helmet)
rElec   .          Harm     .   (no cloak)
rCorr   .          Rampage  +   (no gloves)
Will    .....                   (no boots)
Stlth   +.........              (no amulet)
HPRegen 0.14/turn               (no ring)
MPRegen 0.09/turn               (no ring)

@: corroded
A: no striking features
a: Renounce Religion, Berserk, Trog's Hand


You were on level 3 of the Dungeon.
You worshipped Trog.
Trog was pleased with you.
You visited 1 branch of the dungeon, and saw 4 of its levels.

You collected 74 gold pieces.
You spent 69 gold pieces at shops.

Inventory:

Hand Weapons
 i - a +2 dagger of draining (weapon)
Missiles
 k - 5 stones (quivered)
Armour
 r - a +0 chain mail
 s - the +0 ring mail of Tymetsun (worn) {Rampage rN++ Int-2 Dex+4}
   (You took it off an orc on level 3 of the Dungeon)

   Int:       It affects your intelligence (-2).
   Dex:       It affects your dexterity (+4).
   rN:        It greatly protects you from negative energy.
   Rampage:   It bestows one free step when moving towards enemies.
Magical Staves
 n - a staff of cold
Scrolls
 c - a scroll of magic mapping {unknown}
 f - a scroll of brand weapon {unknown}
 l - 3 scrolls of identify {unknown}
 p - a scroll of teleportation {unknown}
 q - a scroll of fear {unknown}
Potions
 b - a potion of attraction {unknown}
 d - a potion of degeneration {unknown}
 g - a potion of ambrosia {unknown}
 h - 3 potions of mutation {unknown}
 j - a potion of resistance {unknown}
 m - a potion of haste {unknown}
 o - a potion of curing {unknown}
 t - a potion of lignification {unknown}
 u - a potion of cancellation {unknown}


   Skills:
 + Level 3.7 Fighting
 * Level 0.1 Short Blades
 - Level 3.6 Maces & Flails
 + Level 1.6 Throwing
 + Level 2.9 Armour
 + Level 2.9 Dodging
 + Level 2.0 Stealth


You had 4 spell levels left.
You didn't know any spells.
Your spell library was empty.

Dungeon Overview and Level Annotations

Branches:
Dungeon (4/15)
 Temple: D:4-7

Altars:
Qazlal

Shops:
D:3 *


Message History

The kobold throws a stone.
The stone hits you.
The howler monkey hits you but does no damage.
You hit the howler monkey.
The howler monkey is almost dead.
The howler monkey hits you but does no damage.
The jelly completely misses you.
The howler monkey hoots and howls with incredible vigour!
You hear a bark!
You hear a shout!
You hear a bark!
You hear an angry hiss.
You climb upwards.
There is a stone staircase leading down here.
You hit the jelly.
Your hands burn!
You punch the jelly.
The jelly is lightly wounded.
The howler monkey hits you but does no damage.
The jelly hits you but does no damage.
You hit the jelly but do no damage. You drain the jelly.
Your hands burn!
The jelly is moderately wounded.
The howler monkey hoots and howls with incredible vigour!
The jelly hits you. The acid corrodes you!
You are splashed with acid!
The howler monkey hits you but does no damage.
You hit the jelly but do no damage. You drain the jelly.
Your hands burn!
The jelly is heavily wounded.
The jelly barely misses you. The howler monkey hits you.
You hit the jelly but do no damage.
Your hands burn!
The jelly is heavily wounded.
The jelly misses you. The howler monkey barely misses you.
You hit the jelly. You drain the jelly.
Your hands burn!
* * * LOW HITPOINT WARNING * * *
The jelly is severely wounded.
The jelly closely misses you. The howler monkey closely misses you.
You hit the jelly. The acid corrodes you!
Your hands burn!
* * * LOW HITPOINT WARNING * * *
The jelly is almost dead.
The howler monkey hoots and howls with incredible vigour!
The jelly closely misses you.
You barely miss the jelly.
The jelly is almost dead.
The howler monkey closely misses you. The jelly hits you.
* * * LOW HITPOINT WARNING * * *
The acid corrodes you!
You are splashed with acid!
You die...

#.....########...###
###.#...............
#.#.########...##.
#.#.# ##.#### ##.#.#
#...... #....##
#..#### #.....#
####..#### #hJ...#
##.........
#.@...###.###.#####
#..##...><..#.# #
#..######.#.#.# #
######..# ##....# #
#.......# ##.#.#####
#.......# #.#......
#..###.## #.#######
#### #..# #.# #.# #
...# #..# #.# #.# #


You could see a howler monkey (catching breath, very drained) and a jelly (very
drained).

Vanquished Creatures
  A hound (D:3)
  An orc wizard (D:3)
  5 adders
  2 worms (D:2)
  4 dart slugs
  5 orcs
  6 endoplasms
  2 giant cockroaches
  5 hobgoblins
  5 kobolds
  2 quokkas
  4 ball pythons
  4 bats
  9 goblins
  7 rats
62 creatures vanquished.

Vanquished Creatures (others)
  A plant (D:1)
1 creature vanquished.

Grand Total: 63 creatures vanquished

Notes
Turn   | Place    | Note
-------+----------+-------------------------------------------
     0 | D:1      | collaery the Human Berserker began the quest for the Orb.
     0 | D:1      | Reached XP level 1. HP: 18/18 MP: 1/1
   127 | D:1      | Reached XP level 2. HP: 13/24 MP: 2/2
   284 | D:1      | Reached XP level 3. HP: 20/29 MP: 3/3
   464 | D:1      | Reached skill level 1 in Stealth
   755 | D:2      | Reached ** piety under Trog
  1130 | D:2      | Reached skill level 1 in Throwing
  1130 | D:2      | Reached XP level 4. HP: 17/35 MP: 4/4
  1868 | D:3      | Reached XP level 5. HP: 37/41 MP: 5/5
  1904 | D:3      | Found Lishompo's Assorted Antiques.
  2191 | D:3      | Found a stormy altar of Qazlal.
  2268 | D:3      | Identified the +0 ring mail of Tymetsun {Rampage rN++ Int-2
                  | Dex+4}
  2565 | D:3      | Bought a purple potion for 23 gold pieces
  2565 | D:3      | Bought an inky potion for 23 gold pieces
  2565 | D:3      | Bought a sedimented green potion for 23 gold pieces
  2852 | D:3      | Splashed by a jelly's acid

Illustrated notes

Levels and vault maps discovered:
D:1:      tarquinn_simple_flora_water_c, layout_rooms, columned_hall_lemuel,
          chequers_serial_rivers_small_b
D:2:      layout_loops_corners, minmay_misc_feat_more_columns, minmay_tromino_v2
D:3:      layout_loops_ring, mainiacjoe_overflow_brackets, serial_shops,
          nicolae_shop_stone, feat_on_display
D:4:      layout_cave_pools, ebering_ghost_sewer_d, nicolae_shop_clearance

Skill      XL: |  1  2  3  4  5 |
---------------+----------------+-----
Stealth        | 1 2 |  2.0
Throwing       | 1 |  1.6
Fighting       | |  3.7
Short Blades   | |  0.1
Maces & Flails | |  3.6
Armour         | |  2.9
Dodging        | |  2.9

Action                   |  1- 3 |  4- 6 || total
-------------------------+-------+-------++-------
Melee: Mace              |    97 |   108 ||   205
       Punch             |     1 |     3 ||     4
       Dagger            |       |    24 ||    24
Throw: Stone             |    13 |    11 ||    24
Invok: Berserk           |       |     1 ||     1
       Trog's Hand       |       |     1 ||     1
 Stab: Sleeping          |     1 |     2 ||     3
Armor: Leather armour    |    17 |       ||    17
       Ring mail         |     3 |    48 ||    51
Dodge: Dodged            |    73 |    76 ||   149
